 Dungeon Crawl Stone Soup version 0.20-a0-490-g2d938b1 (webtiles) character file.

33 TheGoonsmith the Conjurer (level 3, 0/19 HPs)
             Began as a Deep Elf Conjurer on Jan 15, 2017.
             Slain by a bat (1 damage)
             ... on level 2 of the Dungeon.
             The game lasted 00:01:49 (1208 turns).

TheGoonsmith the Conjurer (Deep Elf Conjurer)       Turns: 1208, Time: 00:01:50

Health: 0/19       AC:  2    Str:  5    XL:     3   Next: 12%
Magic:  3/9        EV: 13    Int: 20    God:
Gold:   117        SH:  0    Dex: 15    Spells: 5/8 levels left

rFire    . . .     SeeInvis .   e - +0 short sword
rCold    . . .     Gourm    .   a - +0 robe
rNeg     . . .     Faith    .   (no shield)
rPois    .         Spirit   .   (no helmet)
rElec    .         Reflect  .   (no cloak)
rCorr    .         Harm     .   (no gloves)
MR       .....                  (no boots)
Stlth    ++........             (no amulet)
Regen    0.0/turn               (no ring)
                                (no ring)

@: no status effects
A: no striking features
a: no special abilities


You were on level 2 of the Dungeon.
You were not hungry.

You visited 1 branch of the dungeon, and saw 2 of its levels.

You collected 117 gold pieces.

Inventory:

Hand Weapons
 e - a +0 short sword (weapon)
Armour
 a - a +0 robe (worn)
Jewellery
 h - a cursed ring of teleportation {unknown}
 p - an uncursed ring of poison resistance {unknown}
 r - an uncursed ring of wizardry {unknown}
 s - an uncursed amulet of magic regeneration {unknown}
Scrolls
 d - 3 scrolls of identify {unknown}
 g - 2 scrolls of remove curse {unknown}
 l - a scroll of amnesia {unknown}
 m - a scroll of fear {unknown}
Potions
 i - a potion of heal wounds {unknown}
 j - a potion of cancellation {unknown}
 k - a potion of might {unknown}
 n - a potion of berserk rage {unknown}
 o - a potion of curing {unknown}
Books
 b - a book of Conjurations

   Spells                             Type                      Level
   a - Magic Dart                     Conjuration                  1
   b - Searing Ray                    Conjuration                  2
   c - Dazzling Spray                 Conjuration/Hexes            3
   d - Fulminant Prism                Conjuration/Hexes            4
   e - Iskenderun's Mystic Blast      Conjuration                  4
   f - Iskenderun's Battlesphere      Conjuration/Charms           5
Comestibles
 c - 2 bread rations
 f - 3 meat rations


   Skills:
 - Level 2.4 Dodging
 - Level 2.4 Stealth
 + Level 3.4 Spellcasting
 * Level 5.3 Conjurations


You had 5 spell levels left.
You knew the following spells:

 Your Spells              Type           Power        Failure   Level  Hunger
a - Magic Dart            Conj           ###.         1%          1    None
b - Searing Ray           Conj           ###...       2%          2    ##.....


Dungeon Overview and Level Annotations

Branches:
Dungeon (2/15)

Altars:
Hepliaklqana

Annotations:
D:2 Sigmund


Message History

The bat misses you. The bat misses you.
Found 17 gold pieces.
Sigmund the Dreaded comes into view.
He is wielding a scythe.
Sigmund shouts!
The bat misses you.
Sigmund mumbles some strange words.
Sigmund flickers and vanishes!
Deactivating autopickup; reactivate with Ctrl-A.
The bat closely misses you. The bat hits you. The bat closely misses you.
The bat hits you but does no damage. Something hits you!
Ouch! That really hurt!
* * * LOW HITPOINT WARNING * * *
The bat barely misses you. The bat hits you.
* * * LOW HITPOINT WARNING * * *
The bat closely misses you. The bat hits you.
You die...

.......# .... #....#...#
.......#####......######..###...#
...........#............(..##...#
..............รท..................
..................########.##.#..
...........#...<..# #....#.#
.................. ###..#.+
............#....# #....#
................@# #.#..+
...............lb# ###.#..#
...###....###....#### #...#..+
...# ....####....r..######.####.#
<..##.##..#.......#........# #.+
...##. ...........######..# #)#
...... ......####.## #..# ##.+
...#### #....####..#####..###..#
.... ...........w............


You could see a bat, a frilled lizard and a rat.

Vanquished Creatures
  An adder (D:2)
  3 bats
  4 goblins (D:1)
  5 hobgoblins
  5 kobolds
  A ball python (D:2)
  A frilled lizard (D:1)
  4 rats
24 creatures vanquished.

Notes
Turn   | Place    | Note
-------+----------+-------------------------------------------
     0 | D:1      | TheGoonsmith the Deep Elf Conjurer began the quest for the Orb.
     0 | D:1      | Reached XP level 1. HP: 10/10 MP: 6/6
   454 | D:1      | Reached XP level 2. HP: 15/15 MP: 5/8
   583 | D:1      | Reached skill level 5 in Conjurations
   983 | D:2      | Learned a level 2 spell: Searing Ray
  1040 | D:2      | Reached XP level 3. HP: 19/19 MP: 6/9
  1129 | D:2      | Found a hazy altar of Hepliaklqana.
  1202 | D:2      | Noticed Sigmund
  1208 | D:2      | Slain by a bat

Vault maps used:
D:1:      dpeg_arrival_fog
D:2:      marbit_many_paths, corexii_item_surrounded_by_moat,
          minmay_rat_gold_closets, uniq_sigmund

Skill      XL: |  1  2 |
---------------+-------+-----
Conjurations   | 5 |  5.3
Dodging        | |  2.4
Stealth        | |  2.4
Spellcasting   | |  3.4

Action                   || total
-------------------------++-------
Melee: Short sword       ||     2
 Cast: Magic Dart        ||    52
  Eat: Chunk             ||     1
Armor: Robe              ||     9
Dodge: Dodged            ||    19
